 Dungeon Crawl Stone Soup version 0.17-a0-1554-g3b847ca (webtiles) character file.

226 urechis the Conjurer (level 5, -5/28 HPs)
             Began as a Deep Elf Conjurer on July 19, 2015.
             Killed from afar by Sigmund (9 damage)
             ... with a puff of flame
             ... on level 3 of the Dungeon.
             The game lasted 00:08:41 (3295 turns).

urechis the Conjurer (Deep Elf Conjurer)            Turns: 3295, Time: 00:08:42

Health: -5/28      AC:  7    Str:  5    XL:     5   Next: 69%
Magic:  20/20      EV: 13    Int: 21    God:
Gold:   151        SH:  0    Dex: 15    Spells: 2 memorised, 4 levels left

rFire  . . .     SeeInvis .     o - +0 flail (protect)
rCold  . . .     Clarity  .     a - +0 robe
rNeg   . . .     SustAt   .     (no shield)
rPois  .         Gourm    .     (no helmet)
rElec  .         Spirit   .     (no cloak)
rCorr  .         Warding  .     (no gloves)
rMut   .         Stasis   .     (no boots)
MR     .....                    (no amulet)
Stlth  +.........               (no ring)
                                g - ring of magical power

@: confused, lethally poisoned (-5 -> -17), not resistant to hostile
enchantments, very unstealthy
A: no striking features
a: no special abilities


You were on level 3 of the Dungeon.
You were very hungry.

You visited 1 branch of the dungeon, and saw 3 of its levels.

You collected 151 gold pieces.

Inventory:

Hand weapons
 o - a +0 flail of protection (weapon)
Armour
 a - a +0 robe (worn)
Jewellery
 g - a ring of magical power (left hand)
Scrolls
 f - 4 scrolls of identify {unknown}
 h - a scroll of fear {unknown}
 i - 2 scrolls of teleportation {unknown}
 k - 3 scrolls of remove curse {unknown}
 m - a scroll of random uselessness {unknown}
Potions
 d - a potion of might {unknown}
 e - 4 potions of flight {unknown}
 l - a potion of degeneration {unknown}
Books
 b - a book of Conjurations

   Spells                             Type                      Level
   a - Magic Dart                     Conjuration                  1
   b - Searing Ray                    Conjuration                  2
   c - Dazzling Spray                 Conjuration/Hexes            3
   d - Fulminant Prism                Conjuration/Hexes            4
   e - Iskenderun's Mystic Blast      Conjuration                  4
   f - Iskenderun's Battlesphere      Conjuration/Charms           5
Comestibles
 c - 2 bread rations
 j - 2 chunks of flesh


   Skills:
 - Level 2.4 Dodging
 - Level 2.4 Stealth
 - Level 3.0 Spellcasting
 + Level 7.4 Conjurations
 * Level 2.3 Charms


You had 4 spell levels left.
You knew the following spells:

 Your Spells              Type           Power        Failure   Level  Hunger
a - Magic Dart            Conj           ####         1%          1    None
b - Iskenderun's Battles  Conj/Chrm      ###.....     54%         5    ######.


Dungeon Overview and Level Annotations

Branches:
Dungeon (3/15)

Altars:
Ru
Trog

Annotations:
D:3 Natasha, Robin, Sigmund


Message History

You're too confused!
You closely miss something.
You are feeling very hungry.
You feel sick. The goblin closely misses you. Something hits you!
* * * LOW HITPOINT WARNING * * *
Natasha casts a spell.
The goblin hits you but does no damage.
You bump into the rock wall.
Something hits you but does no damage.
You are more poisoned.
The goblin hits you but does no damage.
You're too confused to move!
* * * LOW HITPOINT WARNING * * *
You feel sick. The goblin hits you but does no damage.
You miss something.
* * * LOW HITPOINT WARNING * * *
You feel sick.
You hear some strange, mumbled words.
A puff of flame appears from out of thin air!
The puff of flame hits you!
You die...

#.# ##'##
##############....
#>................
#.############....
#.# #/... #.#
#.... #{# #....
#@# #$... #g#
#.... #g# #'## #g#
#5# #h# ###
#######g# ....
#.....gg#


gg... #.......##g...gg You could see Natasha, a crimson imp, a hobgoblin and 5
goblins.

Vanquished Creatures
  A crimson imp (D:3)
  The ghost of gorandor the Sneak, a weakling SpAs (D:3)
  An orc wizard (D:3)
  Natasha (D:3)
  2 adders
  4 worms
  A giant gecko (D:1)
  5 orcs (D:3)
  2 ball pythons
  9 bats
  7 giant cockroaches
  5 hobgoblins
  11 jackals
  A quokka (D:3)
  2 giant newts (D:2)
  14 goblins
  5 kobolds
  5 rats
77 creatures vanquished.

Notes
Turn   | Place    | Note
--------------------------------------------------------------
     0 | D:1      | urechis the Deep Elf Conjurer began the quest for the Orb.
     0 | D:1      | Reached XP level 1. HP: 10/10 MP: 6/6
   434 | D:1      | Reached XP level 2. HP: 15/15 MP: 4/8
   519 | D:1      | Reached skill level 5 in Conjurations
  1133 | D:2      | Found a sacrificial altar of Ru.
  1183 | D:2      | Reached XP level 3. HP: 19/19 MP: 6/9
  1368 | D:2      | Found a bloodstained altar of Trog.
  1775 | D:3      | Reached skill level 6 in Conjurations
  1900 | D:3      | Noticed Sigmund
  1928 | D:3      | Reached XP level 4. HP: 24/24 MP: 7/10
  1937 | D:3      | Noticed Robin
  2053 | D:3      | Noticed gorandor's ghost (weakling SpAs)
  2216 | D:3      | Noticed Natasha
  2223 | D:3      | Killed Natasha
  2238 | D:3      | Reached skill level 7 in Conjurations
  2238 | D:3      | Reached XP level 5. HP: 7/28 MP: 0/11
  2749 | D:3      | Killed gorandor's ghost
  2756 | D:3      | Learned a level 5 spell: Iskenderun's Battlesphere
  2779 | D:3      | Reached skill level 1 in Charms
  3289 | D:3      | Noticed Natasha
  3295 | D:3      | Killed from afar by Sigmund

Vault maps used:
D:1:      lightli_arrival_statuegarden
D:2:      nicolae_overflow_crystal_walls, old_standard_altar,
          minmay_misc_feat_enclosed, grunt_ministairs_2
D:3:      uniq_robin, uniq_natasha, uniq_sigmund

Action                   |  1- 3 |  4- 6 || total
-------------------------+-------+-------++-------
Melee: Unarmed           |     3 |       ||     3
       Short sword       |     1 |    10 ||    11
       Flail             |       |     2 ||     2
 Cast: Magic Dart        |    90 |    92 ||   182
  Eat: Chunk             |     2 |     4 ||     6
